TOP OF THE 1ST |
Detroit Tigers batting - Pitching for California Angels : RHP Ben Sedlacek
|
Pitching: RHP Ben Sedlacek
|
|
Batting: RHB Greg Harman
|
0-0: Ball 1-0: Called Strike 1-1: Foul Ball, location: 2F 1-2: Ball 2-2: Ball 3-2: Base on Balls
|
Batting: LHB Morgan Black
|
0-0: Ball 1-0: Called Strike Greg Harman steals 2nd base 1-1: Ball 2-1: Ball 3-1: Base on Balls
|
Batting: RHB Ryan Neal
|
0-0: SINGLE (Groundball, 56S, EV 68.8 MPH) (infield hit) Greg Harman to third Morgan Black to second
|
Batting: SHB Phil Zacharia
|
0-0: Ball 1-0: Ball 2-0: Foul Ball, location: 2F 2-1: Foul Ball, location: 2F 2-2: Ball 3-2: Foul Ball, location: 2F 3-2: Fielders Choice at 2nd, 6-4 (Groundball, 6, EV 88.1 MPH) Greg Harman scores Morgan Black to third
|
Batting: RHB Randy Shrewsbury
|
0-0: Called Strike Phil Zacharia steals 2nd base 0-1: Swinging Strike 0-2: 3-RUN HOME RUN (Flyball, 7D, EV 96.9 MPH), Distance : 368 ft
|
Batting: LHB Tyler Davis
|
0-0: Ball 1-0: Called Strike 1-1: Swinging Strike 1-2: DOUBLE (Line Drive, 9LS, EV 101.3 MPH)
|
Batting: RHB Victor Quinones
|
0-0: Called Strike 0-1: Called Strike 0-2: Ball 1-2: Ball 2-2: Foul Ball, location: 2F 2-2: Ball 3-2: Base on Balls
|
Batting: LHB Brad Turner
|
0-0: Called Strike 0-1: Ball 1-1: Ball 2-1: Ball 3-1: Base on Balls Tyler Davis to third Victor Quinones to second
|
Batting: RHB Dave Reynolds
|
0-0: Called Strike 0-1: Called Strike 0-2: Strikes out looking
|
Batting: RHB Greg Harman
|
0-0: Called Strike 0-1: Swinging Strike 0-2: Ball 1-2: Foul Ball, location: 2F 1-2: Strikes out looking
|
Top of the 1st over - 4 runs, 3 hits, 0 errors, 3 left on base; Detroit 4 - California 0 |
BOTTOM OF THE 1ST |
California Angels batting - Pitching for Detroit Tigers : LHP Eddie Grape
|
Pitching: LHP Eddie Grape
|
|
Batting: RHB Mike Harkins
|
0-0: Ball 1-0: Fly out, F7 (Flyball, 7S, EV 71.3 MPH)
|
Batting: RHB Curt Earnest
|
0-0: Called Strike 0-1: Ball 1-1: SINGLE (Line Drive, 6MD, EV 94.4 MPH)
|
Batting: RHB Preston Deakyne
|
0-0: Ball 1-0: Ball 2-0: Foul Ball, location: 2F 2-1: Called Strike 2-2: Ball 3-2: Fly out, F9 (Flyball, 9D, EV 100.6 MPH)
|
Batting: RHB Alain Delhaye
|
0-0: Called Strike 0-1: Ground out 5-3 (Groundball, 56S, EV 90.0 MPH)
|
Bottom of the 1st over - 0 runs, 1 hit, 0 errors, 1 left on base; Detroit 4 - California 0 |
TOP OF THE 2ND |
Detroit Tigers batting - Pitching for California Angels : RHP Ben Sedlacek
|
Batting: LHB Morgan Black
|
0-0: Called Strike 0-1: SOLO HOME RUN (Flyball, 8RXD, EV 106.3 MPH), Distance : 419 ft
|
Batting: RHB Ryan Neal
|
0-0: Ball 1-0: Called Strike 1-1: Swinging Strike 1-2: Ball 2-2: Foul Ball, location: 2F 2-2: Fly out, F8 (Line Drive, 8LM, EV 94.4 MPH)
|
Batting: SHB Phil Zacharia
|
0-0: Ball 1-0: Foul Ball, location: 2F 1-1: Fly out, F8 (Flyball, 89XD, EV 86.3 MPH)
|
Batting: RHB Randy Shrewsbury
|
0-0: Ground out 5-3 (Groundball, 56, EV 78.8 MPH)
|
Top of the 2nd over - 1 run, 1 hit, 0 errors, 0 left on base; Detroit 5 - California 0 |
BOTTOM OF THE 2ND |
California Angels batting - Pitching for Detroit Tigers : LHP Eddie Grape
|
Batting: RHB Danny Odom
|
0-0: Called Strike 0-1: Ball 1-1: Called Strike 1-2: Strikes out swinging
|
Batting: RHB Dietmar Warmisch
|
0-0: Foul Ball, location: 2F 0-1: Hit by Pitch
|
Batting: LHB Micah Miller
|
0-0: Swinging Strike 0-1: Ball 1-1: Foul Ball, location: 2F 1-2: Strikes out swinging
|
Batting: LHB Josh Cook
|
0-0: Called Strike 0-1: Fielders Choice at 2nd, 6-4 (Groundball, 6, EV 92.5 MPH)
|
Bottom of the 2nd over - 0 runs, 0 hits, 0 errors, 1 left on base; Detroit 5 - California 0 |
TOP OF THE 3RD |
Detroit Tigers batting - Pitching for California Angels : RHP Ben Sedlacek
|
Batting: LHB Tyler Davis
|
0-0: Ball 1-0: Ground out 6-3 (Groundball, 4, EV 91.9 MPH)
|
Pitching: RHP George Rosario
|
|
Batting: RHB Victor Quinones
|
0-0: Ball 1-0: Called Strike 1-1: SOLO HOME RUN (Flyball, 9D, EV 96.3 MPH), Distance : 363 ft
|
Batting: LHB Brad Turner
|
0-0: Ball 1-0: Called Strike 1-1: Swinging Strike 1-2: Foul Ball, location: 2F 1-2: Fly out, F8 (Flyball, 8RD, EV 95.6 MPH)
|
Batting: RHB Dave Reynolds
|
0-0: Foul Ball, location: 2F 0-1: SINGLE (Groundball, 56D, EV 111.3 MPH)
|
Batting: RHB Greg Harman
|
0-0: Ball 1-0: Ball 2-0: Called Strike 2-1: Ball 3-1: SINGLE (Groundball, 25, EV 71.9 MPH) (infield hit) Dave Reynolds to second
|
Batting: LHB Morgan Black
|
0-0: Ball 1-0: Foul Ball, location: 2F 1-1: Ball 2-1: Ball 3-1: Base on Balls Dave Reynolds to third Greg Harman to second
|
Batting: RHB Ryan Neal
|
0-0: Ball 1-0: Ball 2-0: SINGLE (Flyball, 6D, EV 88.8 MPH) Dave Reynolds scores Greg Harman to third Morgan Black to second Runner from 3rd tries for Home, SAFE, throw by LF to home
|
Batting: SHB Phil Zacharia
|
0-0: Ball 1-0: Called Strike 1-1: Foul Ball, location: 2F 1-2: Ball 2-2: Foul Ball, location: 2F 2-2: SINGLE (Line Drive, 56D, EV 101.3 MPH) Morgan Black to third Ryan Neal to second Runner from 3rd tries for Home, throw by LF and OUT! 7-2
|
Top of the 3rd over - 3 runs, 5 hits, 0 errors, 2 left on base; Detroit 8 - California 0 |
BOTTOM OF THE 3RD |
California Angels batting - Pitching for Detroit Tigers : LHP Eddie Grape
|
Batting: LHB Vinny Carreno
|
0-0: Called Strike 0-1: Ball 1-1: Foul Ball, location: 2F 1-2: Foul Ball, location: 2F 1-2: Ground out 3-1 (Groundball, 34S, EV 63.8 MPH)
|
Batting: RHB Mike Harkins
|
0-0: Called Strike 0-1: Fly out, F6 (Popup, 6M, EV 56.9 MPH)
|
Batting: RHB Curt Earnest
|
0-0: Ball 1-0: Ball 2-0: Ball 3-0: Base on Balls
|
Batting: RHB Preston Deakyne
|
0-0: Ball 1-0: Foul Ball, location: 2F 1-1: Ball 2-1: Fly out, F7 (Flyball, 78XD, EV 105.6 MPH)
|
Bottom of the 3rd over - 0 runs, 0 hits, 0 errors, 1 left on base; Detroit 8 - California 0 |
TOP OF THE 4TH |
Detroit Tigers batting - Pitching for California Angels : RHP George Rosario
|
Batting: RHB Randy Shrewsbury
|
0-0: Ball 1-0: Ball 2-0: Called Strike 2-1: Ball 3-1: Base on Balls
|
Pitching: RHP Jakub Kvacek
|
|
Batting: LHB Tyler Davis
|
0-0: Ball 1-0: Swinging Strike 1-1: 2-RUN HOME RUN (Flyball, 89XD, EV 111.3 MPH), Distance : 435 ft
|
Batting: RHB Victor Quinones
|
0-0: Ball 1-0: Called Strike 1-1: Swinging Strike 1-2: Strikes out looking
|
Batting: LHB Brad Turner
|
0-0: Foul Ball, location: 2F 0-1: Ball 1-1: Ball 2-1: Ball 3-1: Foul Ball, location: 2F 3-2: Strikes out swinging, 2-3 out at first.
|
Batting: RHB Dave Reynolds
|
0-0: Swinging Strike 0-1: Called Strike 0-2: Ball 1-2: Ball 2-2: Ball 3-2: Foul Ball, location: 2F 3-2: SINGLE (Groundball, 4D, EV 96.3 MPH)
|
Batting: RHB Greg Harman
|
Balk! Dave Reynolds to second 0-0: Ball 1-0: Ball 2-0: Ball 3-0: Called Strike 3-1: Called Strike 3-2: SINGLE (Groundball, 6M, EV 96.3 MPH) Dave Reynolds to third Runner from 3rd tries for Home, throw by CF and OUT! 8-2
|
Top of the 4th over - 2 runs, 3 hits, 0 errors, 1 left on base; Detroit 10 - California 0 |
BOTTOM OF THE 4TH |
California Angels batting - Pitching for Detroit Tigers : LHP Eddie Grape
|
Batting: RHB Alain Delhaye
|
0-0: Called Strike 0-1: Ball 1-1: Foul Ball, location: 2F 1-2: Ball 2-2: Ground out 6-3 (Groundball, 6, EV 88.1 MPH)
|
Batting: RHB Danny Odom
|
0-0: Ball 1-0: Fly out, F8 (Flyball, 89M, EV 78.1 MPH)
|
Batting: RHB Dietmar Warmisch
|
0-0: Ball 1-0: Ball 2-0: Swinging Strike 2-1: Ball 3-1: Foul Ball, location: 2F 3-2: Foul Ball, location: 2F 3-2: Base on Balls
|
Batting: LHB Micah Miller
|
0-0: DOUBLE (Flyball, 8LXD, EV 108.1 MPH) Dietmar Warmisch to third Runner from 3rd tries for Home, SAFE, throw by CF to home
|
Batting: LHB Josh Cook
|
0-0: Ball 1-0: Ground out 3-1 (Groundball, 34S, EV 78.1 MPH)
|
Bottom of the 4th over - 1 run, 1 hit, 0 errors, 1 left on base; Detroit 10 - California 1 |
TOP OF THE 5TH |
Detroit Tigers batting - Pitching for California Angels : RHP Jakub Kvacek
|
Pitching: RHP Joel Ciampi
|
|
Batting: LHB Morgan Black
|
0-0: Called Strike 0-1: Ball 1-1: Ball 2-1: Swinging Strike 2-2: Strikes out swinging
|
Batting: RHB Ryan Neal
|
0-0: Ball 1-0: Ball 2-0: Ball 3-0: Called Strike 3-1: Swinging Strike 3-2: Ground out U3 (Groundball, 3L, EV 83.1 MPH)
|
Batting: SHB Phil Zacharia
|
0-0: Fly out, F7 (Flyball, 78D, EV 86.3 MPH)
|
Top of the 5th over - 0 runs, 0 hits, 0 errors, 0 left on base; Detroit 10 - California 1 |
BOTTOM OF THE 5TH |
California Angels batting - Pitching for Detroit Tigers : LHP Eddie Grape
|
Batting: LHB Vinny Carreno
|
0-0: Ball 1-0: Called Strike 1-1: Swinging Strike 1-2: Foul Ball, location: 2F 1-2: Ball 2-2: Ball 3-2: Foul Ball, location: 2F 3-2: Strikes out swinging
|
Batting: RHB Mike Harkins
|
0-0: Fly out, F7 (Flyball, 78M, EV 92.5 MPH)
|
Batting: RHB Curt Earnest
|
0-0: Ball 1-0: Foul Ball, location: 2F 1-1: Foul Ball, location: 2F 1-2: DOUBLE (Line Drive, 3D, EV 97.5 MPH)
|
Batting: RHB Preston Deakyne
|
0-0: SINGLE (Line Drive, 3D, EV 94.4 MPH) Curt Earnest to third Runner from 3rd tries for Home, throw by RF and OUT! 9-2
|
Bottom of the 5th over - 0 runs, 2 hits, 0 errors, 1 left on base; Detroit 10 - California 1 |
TOP OF THE 6TH |
Detroit Tigers batting - Pitching for California Angels : RHP Joel Ciampi
|
Batting: RHB Randy Shrewsbury
|
0-0: Ball 1-0: Ball 2-0: Ball 3-0: Called Strike 3-1: Foul Ball, location: 2F 3-2: Fly out, F8 (Line Drive, 8RD, EV 90.0 MPH)
|
Batting: LHB Tyler Davis
|
0-0: Ball 1-0: Fly out, F7 (Line Drive, 7, EV 91.9 MPH)
|
Batting: RHB Victor Quinones
|
0-0: Ball 1-0: Ball 2-0: Called Strike 2-1: SINGLE (Groundball, 4MD, EV 96.9 MPH)
|
Batting: LHB Brad Turner
|
0-0: Ball 1-0: Ball 2-0: Ball 3-0: Fly out, F7 (Flyball, 7S, EV 85.0 MPH)
|
Top of the 6th over - 0 runs, 1 hit, 0 errors, 1 left on base; Detroit 10 - California 1 |
BOTTOM OF THE 6TH |
California Angels batting - Pitching for Detroit Tigers : LHP Eddie Grape
|
Batting: RHB Alain Delhaye
|
0-0: Ball 1-0: Called Strike 1-1: Ball 2-1: Called Strike 2-2: Ball 3-2: Strikes out looking
|
Batting: RHB Danny Odom
|
0-0: Ball 1-0: Ball 2-0: Ball 3-0: Fly out, F8 (Line Drive, 8RM, EV 91.3 MPH)
|
Batting: RHB Dietmar Warmisch
|
0-0: Ball 1-0: Called Strike 1-1: Called Strike 1-2: Foul Ball, location: 2F 1-2: Ball 2-2: Foul Ball, location: 2F 2-2: Ball 3-2: Strikes out looking
|
Bottom of the 6th over - 0 runs, 0 hits, 0 errors, 0 left on base; Detroit 10 - California 1 |
TOP OF THE 7TH |
Detroit Tigers batting - Pitching for California Angels : RHP Joel Ciampi
|
Pitching: RHP Ryan Terlizzi
|
|
Batting: RHB Dave Reynolds
|
0-0: Ground out 4-3 (Groundball, 4, EV 86.9 MPH)
|
Batting: RHB Greg Harman
|
0-0: Called Strike 0-1: Swinging Strike 0-2: Ball 1-2: Ball 2-2: Strikes out looking
|
Batting: LHB Morgan Black
|
0-0: Ball 1-0: Called Strike 1-1: Ball 2-1: Ball 3-1: Base on Balls
|
Batting: RHB Ryan Neal
|
0-0: Called Strike 0-1: Hit by Pitch Morgan Black to second
|
Batting: SHB Phil Zacharia
|
0-0: Ball 1-0: Swinging Strike 1-1: Ball 2-1: Foul Ball, location: 2F 2-2: Foul Ball, location: 2F 2-2: Ball 3-2: Foul Ball, location: 2F 3-2: Base on Balls Morgan Black to third Ryan Neal to second
|
Batting: RHB Randy Shrewsbury
|
0-0: Swinging Strike 0-1: Ball Wild Pitch! Morgan Black scores Ryan Neal to third Phil Zacharia to second 1-1: Foul Ball, location: 2F 1-2: Ball 2-2: Strikes out swinging
|
Top of the 7th over - 1 run, 0 hits, 0 errors, 2 left on base; Detroit 11 - California 1 |
BOTTOM OF THE 7TH |
California Angels batting - Pitching for Detroit Tigers : LHP Eddie Grape
|
Batting: LHB Micah Miller
|
0-0: Ground out 6-3 (Groundball, 6, EV 84.4 MPH)
|
Batting: LHB Josh Cook
|
0-0: Foul Ball, location: 2F 0-1: Ball 1-1: Ground out 5-3 (Groundball, 5D, EV 81.9 MPH)
|
Batting: LHB Vinny Carreno
|
0-0: Swinging Strike 0-1: Called Strike 0-2: Foul Ball, location: 2F 0-2: Ball 1-2: Strikes out swinging
|
Bottom of the 7th over - 0 runs, 0 hits, 0 errors, 0 left on base; Detroit 11 - California 1 |
TOP OF THE 8TH |
Detroit Tigers batting - Pitching for California Angels : RHP Ryan Terlizzi
|
Pinch Hitting: RHB Luke Feeney
|
0-0: Called Strike 0-1: Swinging Strike 0-2: Ball 1-2: Ball 2-2: Ground out 1-3 (Groundball, 13S, EV 73.8 MPH)
|
Batting: RHB Victor Quinones
|
0-0: SINGLE (Line Drive, 78S, EV 94.4 MPH)
|
Batting: LHB Brad Turner
|
0-0: Called Strike 0-1: Called Strike 0-2: SINGLE (Line Drive, 8LS, EV 100.0 MPH) Victor Quinones to second
|
Batting: RHB Dave Reynolds
|
0-0: Ball 1-0: Ball 2-0: DOUBLE (Groundball, 3L, EV 98.8 MPH) Victor Quinones scores Brad Turner to third
|
Batting: RHB Greg Harman
|
0-0: Ball 1-0: Ball 2-0: SINGLE (Line Drive, 8RS, EV 106.9 MPH) Brad Turner scores Dave Reynolds to third
|
Batting: LHB Morgan Black
|
0-0: Ball 1-0: Ball 2-0: Ball 3-0: Base on Balls Greg Harman to second
|
Pitching: RHP Steve Roepke
|
|
Batting: RHB Ryan Neal
|
0-0: Called Strike 0-1: Fly out, F8 (Flyball, 8LS, EV 77.5 MPH)
|
Batting: SHB Phil Zacharia
|
0-0: Foul Ball, location: 2F 0-1: Foul Ball, location: 2F 0-2: Ball 1-2: Foul Ball, location: 2F 1-2: SINGLE (Flyball, 6MD, EV 87.5 MPH) Dave Reynolds scores Greg Harman to third Morgan Black to second
|
Batting: RHB Randy Shrewsbury
|
0-0: Called Strike 0-1: Ball 1-1: DOUBLE (Line Drive, 78D, EV 109.4 MPH) Greg Harman scores Morgan Black scores Phil Zacharia to third
|
Batting: RHB Luke Feeney
|
0-0: Ball 1-0: Ball 2-0: Called Strike 2-1: Swinging Strike 2-2: Ball 3-2: Base on Balls
|
Batting: RHB Victor Quinones
|
0-0: Swinging Strike 0-1: Called Strike 0-2: Ground out 4-3 (Groundball, 4, EV 80.6 MPH)
|
Top of the 8th over - 5 runs, 6 hits, 0 errors, 3 left on base; Detroit 16 - California 1 |
BOTTOM OF THE 8TH |
California Angels batting - Pitching for Detroit Tigers : LHP Eddie Grape
|
Pitching: RHP Constantino Chamisso
|
|
Now in RF: Luke Feeney
|
|
Batting: RHB Mike Harkins
|
0-0: Ball 1-0: Swinging Strike 1-1: Called Strike 1-2: Foul Ball, location: 2F 1-2: DOUBLE (Flyball, 8RXD, EV 94.4 MPH)
|
Batting: RHB Curt Earnest
|
0-0: Ball 1-0: Foul Ball, location: 2F 1-1: Ball 2-1: Called Strike 2-2: Strikes out swinging
|
Batting: RHB Preston Deakyne
|
0-0: Ball 1-0: Ball 2-0: Ball 3-0: Called Strike 3-1: Fly out, F5 (Popup, 56S, EV 87.5 MPH)
|
Batting: RHB Alain Delhaye
|
0-0: Swinging Strike 0-1: Fly out, F5 (Popup, 5S, EV 70.0 MPH)
|
Bottom of the 8th over - 0 runs, 1 hit, 0 errors, 1 left on base; Detroit 16 - California 1 |
TOP OF THE 9TH |
Detroit Tigers batting - Pitching for California Angels : RHP Steve Roepke
|
Batting: LHB Brad Turner
|
0-0: Ball 1-0: Called Strike 1-1: Ball 2-1: Ball 3-1: Swinging Strike 3-2: Foul Ball, location: 2F 3-2: Base on Balls
|
Batting: RHB Dave Reynolds
|
0-0: Foul Ball, location: 2F 0-1: Ball 1-1: Foul Ball, location: 2F 1-2: Fly out, F7 (Flyball, 7D, EV 109.4 MPH)
|
Batting: RHB Greg Harman
|
0-0: Foul Ball, location: 2F 0-1: Ball 1-1: Ball 2-1: Ball 3-1: Base on Balls Brad Turner to second
|
Batting: LHB Morgan Black
|
0-0: Ball 1-0: Ball 2-0: Ball 3-0: Base on Balls Brad Turner to third Greg Harman to second
|
Pitching: LHP Nick Yarbrough
|
|
Pinch Hitting: RHB Adrian Novakovic
|
0-0: Fly out, F9 (Flyball, 9D, EV 104.4 MPH) Runner from 3rd tags up, SCORES, throw by RF Greg Harman to third
|
Batting: SHB Phil Zacharia
|
0-0: Ball 1-0: Ball 2-0: Called Strike 2-1: Ball 3-1: Foul Ball, location: 2F 3-2: SINGLE (Line Drive, 89M, EV 100.6 MPH) Greg Harman scores Morgan Black to second Morgan Black to third
|
Batting: RHB Randy Shrewsbury
|
0-0: Ball 1-0: Ball 2-0: Ball 3-0: Called Strike 3-1: Ground out 4-3 (Groundball, 4, EV 99.4 MPH)
|
Top of the 9th over - 2 runs, 1 hit, 0 errors, 2 left on base; Detroit 18 - California 1 |
BOTTOM OF THE 9TH |
California Angels batting - Pitching for Detroit Tigers : RHP Constantino Chamisso
|
Now at 3B: Dave Reynolds
|
|
Now at SS: Adrian Novakovic
|
|
Batting: RHB Danny Odom
|
0-0: Ball 1-0: Swinging Strike 1-1: Swinging Strike 1-2: Foul Ball, location: 2F 1-2: Strikes out looking
|
Batting: RHB Dietmar Warmisch
|
0-0: Ball 1-0: Fly out, F9 (Flyball, BS8, EV 91.3 MPH)
|
Batting: LHB Micah Miller
|
0-0: Called Strike 0-1: Called Strike 0-2: Strikes out looking
|
Bottom of the 9th over - 0 runs, 0 hits, 0 errors, 0 left on base; Detroit 18 - California 1 |
|